 Dungeon Crawl Stone Soup version 0.27.1-33-g824d729ab1 (webtiles) character file.

Game seed: 12506562665501054914

46 Anathary the Ruffian (level 3, 0/33 HPs)
             Began as a Minotaur Monk on Dec 9, 2021.
             Slain by an adder (3 damage)
             ... on level 2 of the Dungeon.
             The game lasted 00:01:32 (817 turns).

Anathary the Ruffian (Minotaur Monk)                 Turns: 817, Time: 00:01:33

Health: 0/33       AC:  2    Str: 16    XL:     3   Next: 44%
Magic:  2/2        EV: 13    Int:  7    God:
Gold:   68         SH:  0    Dex: 12    Spells: 2/2 levels left

rFire    . . .     SeeInvis .     - Unarmed
rCold    . . .     Faith    .   (no shield)
rNeg     . . .     Spirit   .   a - +0 robe
rPois    .         Reflect  .   (helmet restricted)
rElec    .         Harm     .   (no cloak)
rCorr    .         Rampage  .   (no gloves)
Will     .....                  (no boots)
Stlth    ++........             (no amulet)
HPRegen  0.11/turn              (no ring)
MPRegen  0.08/turn              (no ring)

@: no status effects
A: horns 2, retaliatory headbutt
a: no special abilities


You were on level 2 of the Dungeon.
You visited 1 branch of the dungeon, and saw 2 of its levels.

You collected 68 gold pieces.

Inventory:

Armour
 a - a +0 robe (worn)
Scrolls
 b - 2 scrolls of identify {unknown}
 c - a scroll of blinking {unknown}
 f - a scroll of torment {unknown}
 g - a scroll of brand weapon {unknown}
 h - a scroll of teleportation {unknown}
Potions
 d - a potion of might {unknown}
 e - a potion of cancellation {unknown}


   Skills:
 + Level 4.1 Fighting
 + Level 3.7 Dodging
 + Level 1.7 Stealth
 * Level 4.2 Unarmed Combat


You had 2 spell levels left.
You didn't know any spells.
Your spell library was empty.

Dungeon Overview and Level Annotations

Branches:
Dungeon (2/15)

Altars:


Innate Abilities, Weirdness & Mutations

You have a pair of horns on your head.
You reflexively headbutt those who attack you in melee.


Message History

The gnoll is moderately wounded.
The gnoll barely misses you. You furiously retaliate!
You headbutt the gnoll, but do no damage.
The gnoll misses you.
You hit the gnoll but do no damage.
The gnoll is moderately wounded.
The gnoll hits you with a +0 spear! The gnoll closely misses you.
You hit the gnoll. You headbutt the gnoll.
You kill the gnoll!
The gnoll barely misses you.
You have reached level 3!
Your experience leads to an increase in your attributes!
Increase (S)trength, (I)ntelligence, or (D)exterity?
You feel stronger. The gnoll closely misses you. You furiously retaliate!
You headbutt the gnoll!
Things that are here:
a +0 spear; a gnoll corpse You closely miss the gnoll.
The gnoll is heavily wounded.
The adder misses you. The gnoll misses you.
You hit the gnoll but do no damage. You headbutt the gnoll.
You kill the gnoll!
The adder bites you.
You hit the gnoll but do no damage. The adder misses you. The gnoll misses you.
You hit the gnoll but do no damage. The adder bites you.
* * * LOW HITPOINT WARNING * * *
The gnoll hits you with a +0 whip.
* * * LOW HITPOINT WARNING * * *
You closely miss the gnoll. The adder bites you.
* * * LOW HITPOINT WARNING * * *
The adder bites you.
* * * LOW HITPOINT WARNING * * *
The gnoll misses you.
You hit the gnoll.
The gnoll is lightly wounded.
The adder misses you.
You barely miss the gnoll. Your headbutt misses the gnoll.
The gnoll is lightly wounded.
The gnoll misses you. The adder bites you.
You die...

#.. #........ #..
#........ #.. .......g.
#.# #........ #.#
#........ #.# #........
#########.###........
..#.........S@g........
.#.#.#.######.#.####.#
......# #.#.# .#.#.#
#.#.# ....# #.#.# #.#.#
#.#.# ##.#.## #.#.#
##...#.#####.#.#
#...###......#


You could see a gnoll and an adder.

Vanquished Creatures
  2 gnolls (D:2)
  3 ball pythons (D:1)
  3 endoplasms
  2 giant cockroaches (D:1)
  3 goblins (D:1)
  4 hobgoblins (D:1)
  A kobold (D:1)
  A quokka (D:1)
  2 bats (D:1)
  2 frilled lizards (D:1)
  A rat (D:1)
24 creatures vanquished.

Notes
Turn   | Place    | Note
-------+----------+-------------------------------------------
     0 | D:1      | Anathary the Minotaur Monk began the quest for the Orb.
     0 | D:1      | Reached XP level 1. HP: 19/19 MP: 0/0
   110 | D:1      | Reached XP level 2. HP: 20/27 MP: 1/1
   810 | D:2      | Reached XP level 3. HP: 12/33 MP: 2/2
   817 | D:2      | Slain by an adder

Illustrated notes

Levels and vault maps discovered:
D:1:      giann_horns, layout_basic, minmay_pentomino_v4
D:2:      layout_loops_ring, ebering_ecumenical_altar_webs, wad_floor_pattern_2,
          uniq_robin, uniq_natasha

Skill      XL: |  1  2 |
---------------+-------+-----
Fighting       | 4 |  4.1
Unarmed Combat | 4 |  4.2
Dodging        | |  3.7
Stealth        | |  1.7

Action                   || total
-------------------------++-------
Melee: Unarmed           ||    45
       Headbutt          ||     8
 Stab: Sleeping          ||     3
Armor: Robe              ||     6
Dodge: Dodged            ||    44
